 Dungeon Crawl Stone Soup version 0.21.1-1-g345015f (webtiles) character file.

803 wojtek the Destroyer (level 8, 0/41 HPs)
             Began as a Kobold Conjurer on Mar 31, 2018.
             Was a Follower of Sif Muna.
             Slain by an orc wizard
             ... wielding a +0 dagger
              (5 damage)
             ... on level 5 of the Dungeon.
             The game lasted 00:07:18 (5974 turns).

wojtek the Destroyer (Kobold Conjurer)              Turns: 5974, Time: 00:07:19

Health: 0/41       AC:  2    Str:  5    XL:     8   Next: 14%
Magic:  1/13       EV: 17    Int: 20    God:    Sif Muna [*.....]
Gold:   287        SH:  0    Dex: 16    Spells: 13/14 levels left

rFire    . . .     SeeInvis .   f - +0 dagger (venom)
rCold    . . .     Gourm    .   (shield restricted)
rNeg     + . .     Faith    .   a - +0 robe
rPois    .         Spirit   .   (no helmet)
rElec    .         Reflect  .   (no cloak)
rCorr    .         Harm     .   (no gloves)
MR       .....                  (no boots)
Stlth    ++........             (no amulet)
HPRegen  0.13/turn              i - ring of positive energy
MPRegen  0.13/turn              p - +2 ring of intelligence (curse)

@: no status effects
A: small, carnivore
a: Divine Energy, Renounce Religion


You were on level 5 of the Dungeon.
You worshipped Sif Muna.
Sif Muna was aware of your devotion.
You were completely stuffed.

You visited 1 branch of the dungeon, and saw 5 of its levels.

You collected 287 gold pieces.

Inventory:

Hand Weapons
 f - a +0 dagger of venom (weapon)
Armour
 a - a +0 robe (worn)
Jewellery
 i - a ring of positive energy (left hand)
 p - a cursed +2 ring of intelligence (right hand)
Scrolls
 k - a scroll of teleportation {unknown}
 o - 6 scrolls of identify
 q - a scroll of immolation {unknown}
 r - a scroll of blinking {unknown}
 s - a scroll of remove curse {unknown}
Potions
 d - 2 potions of degeneration {unknown}
 e - a potion of flight {unknown}
 g - 2 potions of curing {unknown}
 h - a potion of mutation {unknown}
 j - a potion of magic {unknown}
 l - a potion of agility {unknown}
 m - a potion of cancellation {unknown}
 n - a potion of brilliance
Books
 b - a book of Conjurations

   Spells                             Type                      Level
   a - Magic Dart                     Conjuration                  1
   b - Searing Ray                    Conjuration                  2
   c - Dazzling Spray                 Conjuration/Hexes            3
   d - Fulminant Prism                Conjuration/Hexes            4
   e - Force Lance                    Conjuration/Translocation    4
   f - Iskenderun's Mystic Blast      Conjuration                  4
Comestibles
 c - 13 rations


   Skills:
 + Level 4.0 Dodging
 - Level 2.6 Stealth
 + Level 3.5 Spellcasting
 + Level 8.6 Conjurations


You had 13 spell levels left.
You knew the following spells:

 Your Spells              Type           Power        Failure   Level  Hunger
a - Magic Dart            Conj           ####         1%          1    None


Dungeon Overview and Level Annotations

Branches:
Dungeon (5/15)             Temple (0/1) D:4

Altars:
Cheibriados
Fedhas
Kikubaaqudgha
Sif Muna
Uskayaw

Shops:
D:4 *

Annotations:
D:5 1 runed door


Innate Abilities, Weirdness & Mutations

You are small and have problems with some larger weapons.
You are carnivorous and can eat meat at any time.


Message History

You barely miss something.
The orc throws a stone.
The stone barely misses you. Something hits you.
You closely miss something.
The orc throws a stone.
The stone misses you. Something hits you but does no damage.
You hear some strange, mumbled words.
A puff of flame appears from out of thin air!
The puff of flame hits you!
* * * LOW HITPOINT WARNING * * *
Casting: Magic Dart
Confirm with . or Enter, or press ? or * to list all spells.
You don't have enough magic to cast that spell.
Unknown command.
The orc throws a stone.
Something hits you but does no damage.
You see here 2 stones.
You barely miss something.
The orc throws a stone.
The stone completely misses you. Something hits you but does no damage.
You barely miss something.
The orc throws a stone.
The stone hits you.
* * * LOW HITPOINT WARNING * * *
Something hits you.
You die...

#############
#.{@........#
#.#########.########
[o.o$.o...................
##.##############.########
##.# #..# #.## #.# #.#


You could see an orc.

Vanquished Creatures
  A sky beast (D:5)
  2 ogres
  A black bear (D:4)
  A scorpion (D:4)
  A howler monkey (D:4)
  2 orc priests (D:5)
  A centaur skeleton (D:5)
  3 worker ants (D:4)
  A hound skeleton (D:3)
  9 adders
  A shadow imp (D:5)
  An adder skeleton (D:5)
  4 worms
  A dart slug (D:1)
  5 leopard geckos
  11 orcs
  4 giant cockroaches
  7 goblins
  5 hobgoblins
  6 jackals
  2 quokkas
  7 bats
  2 frilled lizards
  10 kobolds
  5 rats
93 creatures vanquished.

Notes
Turn   | Place    | Note
-------+----------+-------------------------------------------
     0 | D:1      | wojtek the Kobold Conjurer began the quest for the Orb.
     0 | D:1      | Reached XP level 1. HP: 10/10 MP: 3/3
   382 | D:1      | Reached XP level 2. HP: 15/15 MP: 1/5
   983 | D:1      | Reached XP level 3. HP: 18/19 MP: 6/6
  1528 | D:2      | Reached skill level 5 in Conjurations
  1725 | D:2      | Reached XP level 4. HP: 21/24 MP: 1/7
  1779 | D:2      | Found a snail-covered altar of Cheibriados.
  2204 | D:2      | Noticed a hand axe
  2205 | D:2      | Noticed a dagger
  2205 | D:2      | Found a hide-covered altar of Uskayaw.
  2237 | D:2      | Found a deep blue altar of Sif Muna.
  2245 | D:2      | Became a worshipper of Sif Muna the Loreminder
  2586 | D:3      | Reached XP level 5. HP: 28/28 MP: 4/8
  2710 | D:3      | Reached skill level 6 in Conjurations
  3164 | D:3      | Found an ancient bone altar of Kikubaaqudgha.
  3236 | D:3      | Found a blossoming altar of Fedhas.
  4031 | D:4      | Reached XP level 6. HP: 32/32 MP: 2/9
  4050 | D:4      | Reached skill level 7 in Conjurations
  4486 | D:4      | Found Futiff's Assorted Antiques.
  4832 | D:4      | Noticed a black bear
  4838 | D:4      | Killed a black bear
  4838 | D:4      | Reached * piety under Sif Muna
  4838 | D:4      | Reached skill level 8 in Conjurations
  4838 | D:4      | Reached XP level 7. HP: 36/36 MP: 3/10
  4929 | D:4      | Found a staircase to the Ecumenical Temple.
  5192 | D:5      | Entered Level 5 of the Dungeon
  5625 | D:5      | Reached XP level 8. HP: 24/41 MP: 3/12
  5864 | D:5      | Found a runed door.
  5974 | D:5      | Slain by an orc wizard

Skill      XL: |  1  2  3  4  5  6  7  8 |
---------------+-------------------------+-----
Conjurations   | 5 6 8 |  8.6
Dodging        | 3 4 |  4.0
Spellcasting   | 3 |  3.5
Stealth        | |  2.6

Action                   |  1- 3 |  4- 6 |  7- 9 || total
-------------------------+-------+-------+-------++-------
Melee: Dagger            |    25 |    32 |     7 ||    64
 Cast: Magic Dart        |    47 |   164 |    54 ||   265
  Use: Scroll            |       |       |     1 ||     1
  Eat: Chunk             |    11 |    12 |     3 ||    26
Armor: Robe              |     5 |     3 |     4 ||    12
Dodge: Dodged            |    40 |    43 |    14 ||    97
